 Dungeon Crawl Stone Soup version 0.28-b1-25-g9875b3fc8c (webtiles) character file.

Game seed: 14791487356214480937

99 MacCMillion the Covered (level 4, -1/29 HPs)
             Began as a Gargoyle Fighter on Jan 31, 2022.
             Frozen to death by an endoplasm (4 damage)
             ... on level 3 of the Dungeon.
             The game lasted 00:03:04 (2031 turns).

MacCMillion the Covered (Gargoyle Fighter)          Turns: 2031, Time: 00:03:04

Health: -1/29      AC: 15    Str: 22    XL:     4   Next: 72%
Magic:  4/4        EV:  6    Int:  8    God:
Gold:   104        SH:  4    Dex:  9    Spells: 3/3 levels left

rFire   . . .      SeeInvis .   a - +0 flail
rCold   . . .      Faith    .   c - +0 buckler
rNeg    + . .      Spirit   .   e - +0 plate armour
rPois   ∞          Reflect  .   (no helmet)
rElec   +          Harm     .   (no cloak)
rCorr   .          Rampage  .   (no gloves)
Will    .....                   (no boots)
Stlth   ..........              g - amulet of the acrobat
HPRegen 0.09/turn               (no ring)
MPRegen 0.09/turn               (no ring)

@: no status effects
A: sickness immunity, AC +3, negative energy resistance 1, electricity
resistance, torment resistance 1, petrification resistance
a: no special abilities


You were on level 3 of the Dungeon.
You visited 1 branch of the dungeon, and saw 3 of its levels.

You collected 104 gold pieces.

Inventory:

Hand Weapons
 a - a +0 flail (weapon)
Armour
 c - a +0 buckler (worn)
 e - a +0 plate armour (worn)
Jewellery
 g - an amulet of the acrobat (around neck)
 i - a ring of protection from fire
Scrolls
 f - 2 scrolls of identify {unknown}
 h - a scroll of holy word {unknown}
Potions
 b - a potion of flight {unknown}
 d - a potion of might
 j - a potion of ambrosia {unknown}
 k - a potion of magic {unknown}


   Skills:
 + Level 3.9 Fighting
 * Level 3.3 Maces & Flails
 + Level 3.9 Armour
 + Level 3.9 Shields


You had 3 spell levels left.
You didn't know any spells.
Your spell library was empty.

Dungeon Overview and Level Annotations

Branches:
Dungeon (3/15)

Altars:
Kikubaaqudgha

Annotations:
D:3 1 runed translucent door, H0rd4k's ghost, amateur DEWz


Innate Abilities, Weirdness & Mutations

You are immune to sickness and miasma.
Your stone body is resilient. (AC +3)
You are immune to poison.
You resist negative energy. (rN+)
You are resistant to electric shocks. (rElec)
You are resistant to unholy torment.
You are immune to petrification.


Message History

The orc priest looks satisfied for a moment.
The orc hits you from afar with a +0 trident.
The endoplasm hits you.
The orc priest hits you but does no damage.
The orc barely misses you. x2
You hit the orc priest but do no damage.
The orc priest is almost dead.
The endoplasm hits you but does no damage.
The orc closely misses you.
The orc priest hits you with a +0 short sword.
The orc hits you but does no damage.
You barely miss the orc priest.
The orc priest is almost dead.
You block the endoplasm's attack. The orc barely misses you.
The orc priest hits you but does no damage.
The orc hits you but does no damage.
The endoplasm hits you but does no damage.
You barely miss the orc priest.
The orc priest is almost dead.
The orc hits you but does no damage.
The orc priest hits you but does no damage.
You block the orc's attack. The endoplasm freezes you.
You are frozen.
* * * LOW HITPOINT WARNING * * *
You barely miss the orc priest.
The orc priest is almost dead.
The orc hits you but does no damage.
The orc priest begins to cast a cantrip, but forgets the words!
The orc hits you but does no damage. The endoplasm closely misses you.
The orc priest hits you with a +0 short sword.
* * * LOW HITPOINT WARNING * * *
The orc hits you but does no damage.
The orc hits you from afar with a +0 trident.
* * * LOW HITPOINT WARNING * * *
You hit the orc priest but do no damage.
The orc priest is almost dead.
The endoplasm freezes you.
You are frozen.
You die...

....#'#### #....# ##
#####.# ###### #######
#. ......# #.....# .
####### #.....# #.....#
####### #.....###+
.......########.....#...
.....oo#.....##.....#...
.....oJ@.......†....+...
......o#.....##.....#...
......S#.....##.†.......
.......#.....##.########
.......########.#
!...... #.# ....... #.#
####### #.# #.#


You could see an orc priest, 3 orcs, an endoplasm and a ball python.

Vanquished Creatures
  5 adders
  2 dart slugs (D:2)
  3 orcs (D:3)
  6 ball pythons
  5 bats
  4 endoplasms
  A giant cockroach (D:3)
  7 goblins
  3 hobgoblins
  A quokka (D:1)
  4 kobolds
  4 rats
45 creatures vanquished.

Notes
Turn   | Place    | Note
-------+----------+-------------------------------------------
     0 | D:1      | MacCMillion the Gargoyle Fighter began the quest for the
                  | Orb.
     0 | D:1      | Reached XP level 1. HP: 14/14 MP: 1/1
   424 | D:1      | Reached XP level 2. HP: 19/19 MP: 2/2
   927 | D:2      | Reached XP level 3. HP: 17/23 MP: 3/3
  1569 | D:3      | Reached XP level 4. HP: 29/29 MP: 4/4
  1593 | D:3      | Found an ancient bone altar of Kikubaaqudgha.
  1787 | D:3      | Noticed H0rd4k's ghost (amateur DEWz)
  1790 | D:3      | Found a runed translucent door.
  2031 | D:3      | Frozen to death by an endoplasm

Illustrated notes

Levels and vault maps discovered:
D:1:      wander_arrival_peaceful_grave, layout_basic
D:2:      minmay_chambers_of_ones, layout_rooms, kennysheep_doodads,
          minivault_24
D:3:      layout_basic, mainiacjoe_overflow_catwalk,
          hellmonk_ghost_happy_afterlife, uniq_sigmund

Skill      XL: |  1  2  3 |
---------------+----------+-----
Maces & Flails | 3 |  3.3
Fighting       | |  3.9
Armour         | |  3.9
Shields        | |  3.9

Action                   |  1- 3 |  4- 6 || total
-------------------------+-------+-------++-------
Melee: Flail             |   103 |    49 ||   152
Armor: Plate armour      |    80 |    50 ||   130
Dodge: Dodged            |    33 |    22 ||    55
Block: Buckler           |    25 |    11 ||    36
